 Dungeon Crawl Stone Soup version 0.23-a0-143-g1adec7b (webtiles) character file.

82603 nubinia the Thaumaturge (level 15, -32/172 HPs)
             Began as a Gnoll Wizard on Sept 1, 2018.
             Was a High Priest of Sif Muna.
             Killed from afar by Roxanne (53 damage)
             ... with a crystal spear
             ... on level 3 of the Swamp on Sept 2, 2018.
             The game lasted 04:42:39 (26858 turns).

nubinia the Thaumaturge (Gnoll Wizard)             Turns: 26858, Time: 04:42:39

Health: -32/172    AC: 27    Str:  9    XL:     15   Next: 74%
Magic:  0/31       EV:  2    Int: 22    God:    Sif Muna [*****.]
Gold:   819        SH:  8    Dex: 22    Spells: 0/38 levels left

rFire    + . .     SeeInvis +   a - +8 long sword of Ru's Benevolence {venom, rC++ SInv}
rCold    + + +     Gourm    .   j - +0 buckler of Intercession {rC++ rN+++ Str-2 Slay+3}
rNeg     + + +     Faith    .   (armour currently unavailable)
rPois    +         Spirit   +   (helmet currently unavailable)
rElec    .         Reflect  .   (cloak currently unavailable)
rCorr    .         Harm     .   (gloves currently unavailable)
MR       +....     NoTele   +   (boots currently unavailable)
Stlth    +++++.....             c - amulet "Koul" {Spirit rPois MP-9 Dex+5 Slay+4}
HPRegen  0.38/turn              N - ring of fire
MPRegen  0.22/turn              O - ring of magical power

@: tree-form, divine energy
A: distributed training, strong nose
a: Stop Divine Energy, Channel Magic, Forget Spell, Renounce Religion


You were on level 3 of the Swamp.
You worshipped Sif Muna.
Sif Muna was extremely pleased with you.
You were very hungry.
You were a tree.
You visited 5 branches of the dungeon, and saw 23 of its levels.
You also visited: Labyrinth and Ice Cave.

You collected 2355 gold pieces.
You spent 1536 gold pieces at shops.

Inventory:

Hand Weapons
 a - the +8 long sword of Ru's Benevolence (weapon) {venom, rC++ SInv}
   (You bought it in a shop on level 2 of the Orcish Mines)

   It poisons the flesh of those it strikes.
   It greatly protects you from cold.
   It lets you see invisible.
 b - a +6 hand crossbow of freezing
 h - a +2 falchion of holy wrath
 p - a +2 spear of piercing
 r - the +7 long sword of Ceimmenun {slice, rPois rF- Int-3 Dex+3}
   (You found it on level 6 of the Lair of Beasts)

   It inflicts extra damage upon your enemies.
   It affects your intelligence (-3).
   It affects your dexterity (+3).
   It makes you vulnerable to fire.
   It protects you from poison.
 s - the +1 demon trident of Disharmony {pain, rF+ MR+ Int-3 Stlth+}
   (You took it off a minotaur in a labyrinth)

   In the hands of one skilled in necromantic magic, it inflicts extra damage on
   living creatures.
   It affects your intelligence (-3).
   It protects you from fire.
   It affects your resistance to hostile enchantments.
   It makes you more stealthy.
 B - a +0 blowgun
Missiles
 f - 18 poisoned javelins (quivered)
 v - 11 curare-tipped needles
 y - 108 bolts
 K - 23 sling bullets
Armour
 e - +0 fire dragon scales
 j - the +0 buckler of Intercession (worn) {rC++ rN+++ Str-2 Slay+3}
   (You acquired it on level 9 of the Dungeon)

   It affects your strength (-2).
   It affects your accuracy and damage with ranged weapons and melee attacks
   (+3).
   It greatly protects you from cold.
   It renders you almost immune to negative energy.
 n - a +1 hat (melded)
 o - a +1 leather armour of cold resistance
 t - the +0 robe of Daisies (melded) {Str+5 Int-5 Dex+4 Stlth+}
   (You bought it in a shop on level 2 of the Orcish Mines)

   It affects your strength (+5).
   It affects your intelligence (-5).
   It affects your dexterity (+4).
   It makes you more stealthy.
 z - the +0 leather armour of Starshine {rElec rF+ rC- MR+ Dex+3}
   (You found it on level 1 of the Swamp)

   It affects your dexterity (+3).
   It protects you from fire.
   It makes you vulnerable to cold.
   It insulates you from electricity.
   It affects your resistance to hostile enchantments.
 D - a +2 pair of gloves of archery (melded)
 F - a +1 troll leather armour
 G - a +2 leather armour of fire resistance
 H - a +3 ring mail of poison resistance
 I - a +2 robe of magic resistance
 L - a +0 shield
 Q - a +0 plate armour
 V - the -3 pair of boots of the Peculiar Queens (melded) {rC++ rCorr Str+2 Dex+3}
   (You found it in a labyrinth)

   It affects your strength (+2).
   It affects your dexterity (+3).
   It greatly protects you from cold.
   It provides partial protection from all sources of acid and corrosion.
 Y - a +0 crystal plate armour
Jewellery
 c - the amulet "Koul" (around neck) {Spirit rPois MP-9 Dex+5 Slay+4}
   (You bought it in a shop on level 1 of the Orcish Mines)

   [amulet of guardian spirit]

   It causes incoming damage to be split between your health and magic.
   It affects your dexterity (+5).
   It affects your accuracy and damage with ranged weapons and melee attacks
   (+4).
   It protects you from poison.
   It affects your magic capacity (-9).
 k - a +2 ring of strength
 u - a +3 ring of dexterity
 C - an uncursed ring of wizardry
 J - an uncursed ring of protection from magic
 N - a ring of fire (left branch)
 O - a ring of magical power (right branch)
 S - an uncursed ring of flight
Wands
 A - a wand of digging (8)
 M - a wand of flame (20)
 T - a wand of acid (19)
 W - a wand of enslavement (6)
 Z - a wand of paralysis (30)
Scrolls
 i - 3 scrolls of immolation
 l - 2 scrolls of fear
 w - 3 scrolls of magic mapping
 E - 8 scrolls of teleportation
 P - 3 scrolls of remove curse
 X - 2 scrolls of identify
Potions
 g - 3 potions of mutation
 m - 4 potions of lignification
 q - 6 potions of brilliance
 x - 2 potions of flight
 U - 5 potions of curing
Comestibles
 d - 37 rations


   Skills:
 + Level 10.1 Fighting
 + Level 10.1 Short Blades
 + Level 10.1 Long Blades
 + Level 10.1 Axes
 + Level 10.1 Maces & Flails
 + Level 10.1 Polearms
 + Level 10.1 Staves
 + Level 10.1 Slings
 + Level 10.1 Bows
 + Level 10.1 Crossbows
 + Level 10.1 Throwing
 + Level 10.1 Armour
 + Level 11.0 Dodging
 + Level 10.9 Stealth
 + Level 10.1 Shields
 + Level 10.1 Unarmed Combat
 + Level 12.1 Spellcasting
 + Level 8.8 Conjurations
 + Level 8.5 Hexes
 + Level 8.5 Charms
 + Level 8.8 Summonings
 + Level 8.5 Necromancy
 + Level 8.8 Translocations
 + Level 8.5 Transmutations
 + Level 8.5 Fire Magic
 + Level 8.5 Ice Magic
 + Level 8.5 Air Magic
 + Level 8.5 Earth Magic
 + Level 8.5 Poison Magic
 + Level 10.9 Invocations
 + Level 10.1 Evocations


You couldn't memorise any spells.
You knew the following spells:

 Your Spells              Type           Power        Failure   Level  Hunger
a - Magic Dart            Conj           ####         1%          1    None
b - Blink                 Tloc           N/A          1%          2    None
c - Mephitic Cloud        Conj/Pois/Air  ######..     1%          3    None
d - Conjure Flame         Conj/Fire      ######..     1%          3    None
e - Summon Lightning Spi  Summ/Air       ######..     1%          4    None
f - Apportation           Tloc           ######       1%          1    None
g - Shroud of Golubria    Chrm/Tloc      ######....   1%          2    None
h - Airstrike             Air            ######....   1%          4    None
i - Ice Form              Ice/Tmut       ######..     1%          4    None
j - Cause Fear            Hex            ######....   1%          4    None
k - Summon Guardian Gole  Hex/Summ       ######..     1%          3    None
s - Swiftness             Chrm/Air       ######..     1%          2    None
D - Animate Dead          Necr           N/A          1%          4    None
S - Animate Skeleton      Necr           N/A          1%          1    None

Your spell library contained the following spells:

 Spells                   Type           Power        Failure   Level  Hunger
 Confusing Touch          Hex            ######       1%          1    None
 Corona                   Hex            ######.      1%          1    None
 Infusion                 Chrm           ####         1%          1    None
 Shock                    Conj/Air       ####         1%          1    None
 Summon Small Mammal      Summ           ####         1%          1    None
 Call Imp                 Summ           ######..     1%          2    None
 Ensorcelled Hibernation  Hex/Ice        ######       1%          2    None
 Slow                     Hex            ######..     1%          2    None
 Call Canine Familiar     Summ           ######..     1%          3    None
 Ignite Poison            Fire/Tmut/Pois ######..     1%          3    None
 Ozocubu's Armour         Chrm/Ice       ######..     1%          3    None
 Regeneration             Chrm/Necr      ######....   1%          3    None
 Spectral Weapon          Hex/Chrm       ######..     1%          3    None
 Static Discharge         Conj/Air       ######..     1%          3    None
 Fulminant Prism          Conj/Hex       ######....   1%          4    None
 Leda's Liquefaction      Hex/Erth       ######....   1%          4    None
 Olgreb's Toxic Radiance  Pois           ######..     1%          4    None
 Passage of Golubria      Tloc           N/A          1%          4    None
 Summon Ice Beast         Ice/Summ       ######..     1%          4    None
 Fireball                 Conj/Fire      ######....   3%          5    ####...
 Irradiate                Conj/Tmut      ######....   3%          5    ####...
 Iskenderun's Battlesphe  Conj/Chrm      ######..     3%          5    ####...
 Lightning Bolt           Conj/Air       ######....   3%          5    ####...
 Venom Bolt               Conj/Pois      ######....   3%          5    ####...
 Metabolic Englaciation   Hex/Ice        ######....   4%          5    ####...
 Silence                  Hex/Air        ######....   4%          5    ####...
 Bolt of Cold             Conj/Ice       ######....   22%         6    #####..
 Bolt of Fire             Conj/Fire      ######....   22%         6    #####..
 Conjure Ball Lightning   Conj/Air       ######....   22%         6    #####..
 Darkness                 Hex            ######....   22%         6    #####..
 Freezing Cloud           Conj/Ice/Air   ######....   22%         6    #####..
 Hydra Form               Tmut           ######....   22%         6    #####..
 Ozocubu's Refrigeration  Ice            ######....   22%         6    #####..
 Simulacrum               Ice/Necr       ######....   22%         6    #####..
 Statue Form              Tmut/Erth      ######...    22%         6    #####..
 Dragon Form              Tmut           ######....   77%         7    #######
 Ring of Flames           Chrm/Fire      ######....   77%         7    #######
 Ignition                 Fire           ######....   100%        8    #######


Dungeon Overview and Level Annotations

Branches:
Dungeon (11/15)            Temple (1/1) D:4            Lair (6/6) D:10
  Swamp (3/4) Lair:4       Spider (0/4) Lair:4        Slime (0/5) Lair:5
    Orc (2/2) D:11            Elf (0/3) Orc:2

Altars:
Ashenzari
Cheibriados
Dithmenos
Elyvilon
Fedhas
Gozag
Hepliaklqana
Kikubaaqudgha
Nemelex Xobeh
Okawaru
Qazlal
Ru
Sif Muna
Trog
Uskayaw
Wu Jian
Yredelemnul
Zin
Beogh

Shops:
D:4 (   D:5 *   Orc:1 =(   Orc:2 (*:[

Annotations:
D:11 George's ghost, journeyman HOFi
Swamp:3 exclusion: Roxanne, Roxanne


Innate Abilities, Weirdness & Mutations

Your experience applies equally to all skills.
((You have very sharp teeth.))
Your uncanny sense of smell can sniff out nearby items.
((You have a pair of small horns on your head.))
((Your skin changes colour to match your surroundings (Stealth+).))


Message History

You block the swamp worm's attack.
You slash Roxanne!
Roxanne is heavily damaged.
The swamp worm bites you.
* * * LOW HITPOINT WARNING * * *
The tyrant leech bites you but does no damage.
Okay, then.
You slash Roxanne!
Roxanne is severely damaged.
The swamp worm bites you but does no damage.
You hit Roxanne but do no damage.
Roxanne is severely damaged.
The swamp worm bites you.
* * * LOW HITPOINT WARNING * * *
The tyrant leech bites you but does no damage.
You hit Roxanne.
Roxanne is severely damaged.
Roxanne casts a spell.
Helpless, you fail to dodge the crystal spear.
You die...

*,≈≈♣≈≈.♣.♣* ♣....≈.≈
♣♣≈...≈..♣.♣♣♣♣.....≈≈
♣♣..≈≈.≈≈≈≈...♣.≈≈≈≈≈≈≈
♣♣≈≈≈≈≈..♣≈♣.≈...≈≈.≈≈≈.
*♣.≈≈≈≈..≈≈≈≈.≈.≈≈.≈≈.<..
*.≈.≈§≈.≈≈♣≈≈≈≈.≈≈...≈...
***.♣≈≈..≈.........≈.≈≈§.≈≈
**≈≈.≈≈≈....≈♣♣♣♣♣♣....≈....
*,*≈≈≈≈≈♣.8♣≈♣ ♣♣.≈≈≈≈≈≈≈
**,≈≈≈≈≈≈≈.ww.♣ ♣♣≈≈≈♣...
*,≈,*≈≈..≈....♣ ♣≈♣≈≈.≈.
*****,≈,≈≈..≈≈♣≈≈.♣ ♣..≈..≈.
,,,≈*≈*≈≈≈≈≈≈≈§≈≈.♣ ♣♣.≈....
≈≈≈≈,≈,,,≈≈≈§≈≈≈§.♣ *,,,∆...
,≈≈≈≈≈,,*§≈≈≈≈.≈..♣*
**,,***,
,≈≈≈≈≈,**♣≈.≈♣♣.≈..*
*≈,,*,,, ,,,≈≈≈,*
*,,***,≈≈,* **,,,*,,,


You could see Roxanne, a tyrant leech and a swamp worm.

Vanquished Creatures
  Rupert (Lair:4)
  Frances (Swamp:1)
  A thorn hunter (Swamp:2)
  2 orc warlords (Orc:2)
  Nessos (Orc:1)
  A minotaur (Lab)
  A fire dragon (Lair:6)
  Fannar (D:11)
  6 hydras
  4 alligators (Swamp:1)
  A two-headed ogre (D:10)
  3 orc high priests
  Nergalle (Lair:1)
  Sonja (D:11)
  An unseen horror (D:11)
  A shambling mangrove (Swamp:1)
  A swamp dragon (Lair:6)
  5 orc knights
  3 oklob plants (Lair:4)
  A necromancer (IceCv)
  Pikel (D:7)
  3 orc sorcerers
  A cyclops (Orc:1)
  Joseph (D:7)
  Maurice (Orc:1)
  5 elephants
  3 ice statues (IceCv)
  5 black mambas
  8 spiny frogs
  A kobold demonologist (D:11)
  5 rime drakes
  A torpor snail (Lair:5)
  9 komodo dragons
  5 ice devils (IceCv)
  6 trolls
  6 polar bears (Lair:6)
  3 hornets
  5 tyrant leeches
  9 slime creatures
  15 blink frogs
  6 bog bodies
  Prince Ribbit (D:7)
  5 hippogriffs
  A wyvern (Lair:3)
  16 yaks
  2 basilisks
  4 hogs (D:8)
  A human (D:8)
  3 steam dragons (Lair:6)
  3 hungry ghosts
  6 swamp worms
  3 vampire mosquitoes (Swamp:1)
  9 wargs
  An acid dragon (Lair:6)
  7 water moccasins
  7 hell hounds (Lair:6)
  4 porcupines
  37 orc warriors
  6 swamp drakes
  4 ice beasts (D:11)
  4 phantoms
  8 black bears
  4 necrophages (D:8)
  7 ogres
  50 wolves
  An eye of draining (D:10)
  5 centaurs
  A big kobold (D:11)
  5 crocodiles
  8 bullfrogs
  3 scorpions
  11 wights
  5 howler monkeys
  An electric eel (Lair:4)
  2 bullfrog zombies
  2 centaur zombies
  2 crimson imps
  2 draconian simulacra (IceCv)
  3 hounds
  2 jellies
  A quasit (D:11)
  17 orc wizards
  2 centaur skeletons
  18 orc priests
  A bullfrog skeleton (D:4)
  Jessica (D:2)
  Natasha (thrice) (D:2)
  Terence (D:3)
  6 worker ants
  A spriggan simulacrum (IceCv)
  6 iguanas
  4 troll simulacra (IceCv)
  A killer bee zombie (D:8)
  A bullfrog simulacrum (D:11)
  2 centaur simulacra (IceCv)
  A hound zombie (D:7)
  2 hound skeletons
  2 mummies (D:8)
  A worker ant zombie (D:9)
  A howler monkey skeleton (D:6)
  8 adders
  An ogre simulacrum (IceCv)
  3 shadow imps
  6 white imps (D:11)
  An ufetubus (D:11)
  4 oozes
  An adder zombie (D:8)
  An adder skeleton (D:9)
  4 worms
  A dart slug (D:1)
  2 leopard geckos
  57 orcs
  3 giant cockroaches
  6 goblins
  4 hobgoblins
  11 jackals
  14 kobolds
  5 quokkas
  6 bats
  5 frilled lizards
  A leopard gecko skeleton (D:4)
  A quokka zombie (D:6)
  4 rats
  A butterfly (D:4)
  4 plants
608 creatures vanquished.

Vanquished Creatures (collateral kills)
  A dire elephant (Lair:6)
  A hydra (Lair:2)
  3 alligators
  An orc high priest (Orc:2)
  An orc knight (D:11)
  2 oklob plants
  3 elephants
  3 spiny frogs
  A black mamba (Lair:3)
  2 komodo dragons
  A rime drake (Lair:6)
  An ice devil (IceCv)
  3 polar bears (Lair:6)
  A troll (Orc:2)
  A tyrant leech (Swamp:1)
  A hornet (Swamp:2)
  A raiju (Lair:6)
  3 bog bodies
  10 slime creatures
  6 blink frogs
  A hippogriff (Lair:1)
  A dream sheep (Lair:6)
  A wyvern (Lair:3)
  3 spriggans
  4 yaks (Lair:5)
  A vampire mosquito (Swamp:1)
  A warg (Lair:6)
  A water moccasin (Lair:5)
  4 swamp worms
  A porcupine (Lair:1)
  7 hell hounds (Lair:6)
  A swamp drake (Swamp:2)
  An ice beast (D:11)
  3 orc warriors
  5 black bears (Lair:6)
  A necrophage (D:8)
  2 ogres (Orc:1)
  3 crocodiles
  14 wolves
  A scorpion (D:9)
  2 wights
  A bullfrog zombie (D:10)
  A quasit (D:10)
  A jelly (Lair:5)
  3 orc priests
  2 orc wizards
  4 iguanas
  A killer bee zombie (D:8)
  An adder (D:11)
  A white imp (D:11)
  An adder skeleton (D:8)
  14 orcs
  A kobold (D:11)
  A spectral orc (D:8)
  2 fungi
  2 plants
140 creatures vanquished.

Vanquished Creatures (others)
  An alligator (Swamp:2)
  A spiny frog (Swamp:2)
  4 slaves (D:7)
  An orc wizard (Orc:2)
  5 orcs (D:7)
  A quokka zombie (D:7)
  19 fungi
  14 plants (Lair:6)
46 creatures vanquished.

Grand Total: 794 creatures vanquished

Notes
Turn   | Place    | Note
-------+----------+-------------------------------------------
     0 | D:1      | nubinia the Gnoll Wizard began the quest for the Orb.
     0 | D:1      | Reached XP level 1. HP: 13/13 MP: 8/8
   248 | D:1      | Reached XP level 2. HP: 19/19 MP: 6/10
   283 | D:1      | Learned a level 2 spell: Blink
   706 | D:1      | Reached XP level 3. HP: 25/25 MP: 7/11
   711 | D:1      | Learned a level 3 spell: Mephitic Cloud
   715 | D:1      | Learned a level 3 spell: Conjure Flame
  1073 | D:2      | Noticed Jessica
  1089 | D:2      | Killed Jessica
  1089 | D:2      | Reached skill level 1 in Fighting
  1089 | D:2      | Reached skill level 1 in Short Blades
  1089 | D:2      | Reached skill level 1 in Long Blades
  1089 | D:2      | Reached skill level 1 in Axes
  1089 | D:2      | Reached skill level 1 in Maces & Flails
  1089 | D:2      | Reached skill level 1 in Polearms
  1089 | D:2      | Reached skill level 1 in Staves
  1089 | D:2      | Reached skill level 1 in Slings
  1089 | D:2      | Reached skill level 1 in Bows
  1089 | D:2      | Reached skill level 1 in Crossbows
  1089 | D:2      | Reached skill level 1 in Throwing
  1089 | D:2      | Reached skill level 1 in Armour
  1089 | D:2      | Reached skill level 1 in Shields
  1089 | D:2      | Reached skill level 1 in Unarmed Combat
  1089 | D:2      | Reached skill level 1 in Invocations
  1089 | D:2      | Reached skill level 1 in Evocations
  1094 | D:2      | Noticed Natasha
  1206 | D:2      | Killed Natasha
  1206 | D:2      | Reached XP level 4. HP: 20/32 MP: 1/13
  1490 | D:2      | Reached skill level 1 in Hexes
  1490 | D:2      | Reached skill level 1 in Charms
  1490 | D:2      | Reached skill level 1 in Necromancy
  1490 | D:2      | Reached skill level 1 in Transmutations
  1490 | D:2      | Reached skill level 1 in Fire Magic
  1490 | D:2      | Reached skill level 1 in Ice Magic
  1490 | D:2      | Reached skill level 1 in Air Magic
  1490 | D:2      | Reached skill level 1 in Earth Magic
  1490 | D:2      | Reached skill level 1 in Poison Magic
  1963 | D:2      | Noticed Natasha
  1972 | D:2      | Reached XP level 5. HP: 37/37 MP: 14/14
  1977 | D:2      | Killed Natasha
  2118 | D:2      | Noticed Natasha
  2128 | D:2      | Killed Natasha
  2692 | D:3      | Noticed Terence
  2696 | D:3      | Killed Terence
  3134 | D:4      | Noticed an ogre
  3156 | D:4      | Killed an ogre
  3156 | D:4      | Reached XP level 6. HP: 44/44 MP: 16/16
  3282 | D:4      | Found a stormy altar of Qazlal.
  3365 | D:4      | Found Gul Vaov's Antique Weapon Shoppe.
  3421 | D:4      | Reached skill level 5 in Dodging
  3692 | D:4      | Found a staircase to the Ecumenical Temple.
  3697 | Temple   | Entered the Ecumenical Temple
  3769 | Temple   | Became a worshipper of Sif Muna the Loreminder
  3867 | D:5      | Entered Level 5 of the Dungeon
  3936 | D:5      | Reached XP level 7. HP: 50/50 MP: 18/18
  3967 | D:5      | Got an ancient rapier
  3968 | D:5      | Identified the cursed +0 rapier of Poverty {vamp, *Rage MR+
                  | Stlth+} (You found it on level 5 of the Dungeon)
  4197 | D:5      | Found Dich's General Store.
  4467 | D:5      | Got a bone falchion
  4468 | D:5      | Identified the +0 falchion "Sonamiz" {protect, *Contam rF+
                  | Stlth+} (You found it on level 5 of the Dungeon)
  4486 | D:5      | Learned a level 1 spell: Animate Skeleton
  4488 | D:5      | Learned a level 1 spell: Summon Small Mammal
  4907 | D:6      | Reached skill level 5 in Stealth
  4960 | D:6      | Noticed a troll
  5017 | D:6      | Reached * piety under Sif Muna
  5057 | D:6      | Reached XP level 8. HP: 32/57 MP: 15/19
  5361 | D:6      | Killed a troll
  5497 | D:4      | Bought a glowing hand crossbow for 169 gold pieces
  5725 | D:7      | Noticed Pikel
  5764 | D:7      | Killed Pikel
  5764 | D:7      | Reached skill level 8 in Spellcasting
  5764 | D:7      | Reached XP level 9. HP: 65/65 MP: 15/21
  5878 | D:7      | Found an ornate altar of the Wu Jian Council.
  5893 | D:7      | Found a white marble altar of Elyvilon.
  5894 | D:7      | Found an opulent altar of Gozag.
  5904 | D:7      | Found an ancient bone altar of Kikubaaqudgha.
  5904 | D:7      | Found an iron altar of Okawaru.
  6182 | D:7      | Noticed Prince Ribbit
  6185 | D:7      | Killed Prince Ribbit
  6306 | D:7      | Found a shadowy altar of Dithmenos.
  6366 | D:7      | Noticed Joseph
  6773 | D:8      | Reached ** piety under Sif Muna
  6982 | D:8      | Noticed a dagger
  6983 | D:8      | Found a hide-covered altar of Uskayaw.
  6983 | D:8      | Noticed an enchanted hand axe
  7060 | D:8      | Reached skill level 5 in Invocations
  7170 | D:8      | Found a basalt altar of Yredelemnul.
  7338 | D:8      | Reached XP level 10. HP: 44/73 MP: 22/22
  7413 | D:8      | Found a white marble altar of Elyvilon.
  7716 | D:8      | Reached skill level 5 in Fighting
  7716 | D:8      | Reached skill level 5 in Short Blades
  7716 | D:8      | Reached skill level 5 in Long Blades
  7716 | D:8      | Reached skill level 5 in Axes
  7716 | D:8      | Reached skill level 5 in Maces & Flails
  7716 | D:8      | Reached skill level 5 in Polearms
  7716 | D:8      | Reached skill level 5 in Staves
  7716 | D:8      | Reached skill level 5 in Slings
  7716 | D:8      | Reached skill level 5 in Bows
  7716 | D:8      | Reached skill level 5 in Crossbows
  7716 | D:8      | Reached skill level 5 in Throwing
  7716 | D:8      | Reached skill level 5 in Armour
  7716 | D:8      | Reached skill level 5 in Shields
  7716 | D:8      | Reached skill level 5 in Unarmed Combat
  7716 | D:8      | Reached skill level 5 in Evocations
  7956 | D:9      | Identified a scroll of acquirement
  7957 | D:9      | Got a scorched buckler
  7963 | D:9      | Identified the +0 buckler of Intercession {rC++ rN+++ Str-2
                  | Slay+3} (You acquired it on level 9 of the Dungeon)
  8241 | D:9      | Reached skill level 9 in Spellcasting
  8419 | D:9      | Found a hazy altar of Hepliaklqana.
  8421 | D:9      | Found a shattered altar of Ashenzari.
  8448 | D:9      | Reached *** piety under Sif Muna
  9066 | D:9      | Found a sparkling altar of Nemelex Xobeh.
  9077 | D:9      | Reached skill level 5 in Conjurations
  9077 | D:9      | Reached skill level 5 in Summonings
  9077 | D:9      | Reached skill level 5 in Translocations
  9219 | D:10     | Entered Level 10 of the Dungeon
  9326 | D:10     | Noticed a two-headed ogre
  9353 | D:10     | Killed a two-headed ogre
  9562 | D:10     | Reached XP level 11. HP: 81/81 MP: 20/24
  9890 | D:10     | Found a staircase to the Lair.
  9927 | Lair:1   | Entered Level 1 of the Lair of Beasts
 10100 | Lair:1   | Noticed a five-headed hydra
 10130 | Lair:1   | Killed a five-headed hydra
 10130 | Lair:1   | Reached skill level 5 in Hexes
 10130 | Lair:1   | Reached skill level 5 in Charms
 10130 | Lair:1   | Reached skill level 5 in Necromancy
 10130 | Lair:1   | Reached skill level 5 in Transmutations
 10130 | Lair:1   | Reached skill level 5 in Fire Magic
 10130 | Lair:1   | Reached skill level 5 in Ice Magic
 10130 | Lair:1   | Reached skill level 5 in Air Magic
 10130 | Lair:1   | Reached skill level 5 in Earth Magic
 10130 | Lair:1   | Reached skill level 5 in Poison Magic
 10261 | Lair:1   | Noticed Nergalle
 10314 | Lair:1   | Noticed a spectral orc warlord
 10339 | Lair:1   | Noticed a spectral orc warlord
 10389 | Lair:1   | Killed Nergalle
 10689 | Lair:1   | Learned a level 2 spell: Slow
 10865 | Lair:1   | Reached **** piety under Sif Muna
 11313 | Lair:2   | Reached XP level 12. HP: 60/89 MP: 25/25
 11518 | Lair:2   | Noticed a six-headed hydra
 11530 | Lair:2   | Killed a six-headed hydra
 11530 | Lair:2   | Reached skill level 10 in Spellcasting
 12479 | Lair:3   | Learned a level 2 spell: Swiftness
 12481 | Lair:3   | Learned a level 1 spell: Apportation
 12909 | D:7      | Killed Joseph
 12994 | D:4      | Bought a glowing spear for 156 gold pieces
 13387 | Lair:3   | Reached ***** piety under Sif Muna
 13540 | Lair:4   | Identified the +1 battleaxe "Sorabiuz" {protect, +Blink
                  | MP+9 Str+2} (You found it on level 4 of the Lair of Beasts)
 13572 | Lair:4   | Noticed Rupert
 13586 | Lair:4   | Paralysed by Rupert for 7 turns
 13620 | Lair:4   | Killed Rupert
 13620 | Lair:4   | Identified Sif Muna's Handbook of Captivating Contamination
                  | (Sif Muna gifted it to you on level 4 of the Lair of
                  | Beasts)
 13620 | Lair:4   | Received a gift from Sif Muna
 13794 | Lair:4   | Found a staircase to the Swamp.
 13859 | Lair:4   | Gained mutation: Your skin changes colour to match your
                  | surroundings (Stealth+). [potion of mutation]
 13859 | Lair:4   | Gained mutation: You have a pair of small horns on your
                  | head. [potion of mutation]
 13909 | Lair:4   | Reached XP level 13. HP: 70/98 MP: 23/27
 14190 | Lair:4   | Found a hole to the Spider Nest.
 14199 | Lair:4   | Learned a level 4 spell: Airstrike
 14477 | Lair:4   | Learned a level 4 spell: Ice Form
 14883 | Lair:5   | Found a staircase to the Slime Pits.
 15399 | Lair:6   | Entered Level 6 of the Lair of Beasts
 16536 | Lair:6   | Reached skill level 11 in Spellcasting
 16552 | Lair:6   | Noticed a fire dragon
 17019 | Lair:6   | Reached XP level 14. HP: 23/106 MP: 29/29
 17078 | Lair:6   | Identified the +7 long sword of Ceimmenun {slice, rPois rF-
                  | Int-3 Dex+3} (You found it on level 6 of the Lair of
                  | Beasts)
 17591 | Lair:6   | Noticed a dire elephant
 17604 | Lair:6   | Reached skill level 10 in Dodging
 17816 | Lair:6   | Identified Sif Muna's Thaumaturgy Continued (Sif Muna
                  | gifted it to you on level 6 of the Lair of Beasts)
 17816 | Lair:6   | Received a gift from Sif Muna
 17853 | Lair:6   | Learned a level 4 spell: Animate Dead
 17878 | Lair:6   | Got a shimmering copper ring
 17879 | Lair:6   | Identified the ring "Kofeimaf" {*Corrode *Drain rPois MR++
                  | Int+9} (You found it on level 6 of the Lair of Beasts)
 17937 | Lair:6   | Learned a level 4 spell: Summon Lightning Spire
 17942 | Lair:6   | Learned a level 4 spell: Cause Fear
 18491 | Lair:6   | Killed a dire elephant
 19062 | D:11     | Found a frozen archway.
 19064 | D:11     | Noticed Fannar
 19072 | IceCv    | Entered an ice cave
 19165 | IceCv    | Reached skill level 10 in Stealth
 19563 | D:11     | Killed Fannar
 19563 | D:11     | Reached skill level 10 in Invocations
 19588 | D:11     | Noticed Sonja
 19601 | D:11     | Killed Sonja
 19667 | D:11     | Found a staircase to the Orcish Mines.
 19682 | D:11     | Found a roughly hewn altar of Beogh.
 19763 | D:11     | Found a runed gate.
 19763 | D:11     | Found a runed gate.
 19763 | D:11     | Found a runed gate.
 20232 | D:11     | Noticed George's ghost (journeyman HOFi)
 20951 | Orc:1    | Entered Level 1 of the Orcish Mines
 20951 | Orc:1    | Found Niebit's Antique Weapon Boutique.
 20953 | Orc:1    | Found Jiqak's Jewellery Shop.
 21223 | Orc:1    | Bought the amulet "Koul" {Spirit rPois MP-9 Dex+5 Slay+4}
                  | for 843 gold pieces
 21358 | Orc:2    | Entered Level 2 of the Orcish Mines
 21370 | Orc:2    | Found Womel's Antique Armour Shop.
 21370 | Orc:2    | Noticed Nessos
 21376 | Orc:2    | Found Vumpa's General Store.
 21376 | Orc:2    | Noticed an orc warlord
 21380 | Orc:2    | Found Lytapheh's Antique Weapon Emporium.
 21382 | Orc:2    | Found a staircase to the Elven Halls.
 21383 | Orc:2    | Found a labyrinth entrance.
 21392 | Lab      | Entered a labyrinth
 21730 | Lab      | Identified Sif Muna's Compendium of Augmentations
 21732 | Lab      | Identified the +1 demon trident of Disharmony {pain, rF+
                  | MR+ Int-3 Stlth+} (You took it off a minotaur in a
                  | labyrinth)
 21794 | Lab      | Identified the cursed -3 pair of boots of the Peculiar
                  | Queens {rC++ rCorr Str+2 Dex+3} (You found it in a
                  | labyrinth)
 21842 | Orc:2    | Found Bumov's Book Shop.
 21843 | Orc:2    | Noticed Maurice
 22001 | Orc:1    | Found a roughly hewn altar of Beogh.
 22153 | Orc:1    | Learned a level 2 spell: Shroud of Golubria
 22402 | Orc:1    | Killed Maurice
 22431 | Orc:1    | Killed Nessos
 22822 | Orc:2    | Received a gift from Sif Muna
 23311 | Orc:2    | Reached XP level 15. HP: 114/114 MP: 30/30
 23387 | Orc:2    | Bought an ancient robe for 176 gold pieces
 23387 | Orc:2    | Identified the cursed +0 robe of Daisies {Str+5 Int-5 Dex+4
                  | Stlth+} (You bought it in a shop on level 2 of the Orcish
                  | Mines)
 23523 | Orc:2    | Paralysed by an orc sorcerer for 5 turns
 23592 | Orc:2    | Noticed an orc warlord
 23635 | Orc:2    | Killed an orc warlord
 23840 | Orc:2    | Killed an orc warlord
 23875 | Orc:2    | Bought a crystal long sword for 170 gold pieces
 24350 | D:5      | Bought a scroll of identify for 22 gold pieces
 24350 | D:5      | Identified the +8 long sword of Ru's Benevolence {venom,
                  | rC++ SInv} (You bought it in a shop on level 2 of the
                  | Orcish Mines)
 24584 | Swamp:1  | Entered Level 1 of the Swamp
 24798 | Swamp:1  | Noticed Frances
 24831 | Swamp:1  | Killed Frances
 25354 | Swamp:1  | Reached skill level 12 in Spellcasting
 25402 | Swamp:1  | Got a smoking leather armour
 25756 | Swamp:2  | Reached skill level 10 in Fighting
 25756 | Swamp:2  | Reached skill level 10 in Short Blades
 25756 | Swamp:2  | Reached skill level 10 in Long Blades
 25756 | Swamp:2  | Reached skill level 10 in Axes
 25756 | Swamp:2  | Reached skill level 10 in Maces & Flails
 25756 | Swamp:2  | Reached skill level 10 in Polearms
 25756 | Swamp:2  | Reached skill level 10 in Staves
 25756 | Swamp:2  | Reached skill level 10 in Slings
 25756 | Swamp:2  | Reached skill level 10 in Bows
 25756 | Swamp:2  | Reached skill level 10 in Crossbows
 25756 | Swamp:2  | Reached skill level 10 in Throwing
 25756 | Swamp:2  | Reached skill level 10 in Armour
 25756 | Swamp:2  | Reached skill level 10 in Shields
 25756 | Swamp:2  | Reached skill level 10 in Unarmed Combat
 25756 | Swamp:2  | Reached skill level 10 in Evocations
 25899 | Swamp:2  | Identified Sif Muna's Collected Works on the Oath and
                  | Weightlessness (Sif Muna gifted it to you on level 2 of the
                  | Swamp)
 25899 | Swamp:2  | Received a gift from Sif Muna
 25905 | Swamp:2  | Learned a level 3 spell: Summon Guardian Golem
 26375 | Swamp:2  | Noticed a thorn hunter
 26391 | Swamp:2  | Killed a thorn hunter
 26483 | Swamp:2  | You fall through a shaft!
 26526 | Swamp:3  | Identified the +0 leather armour of Starshine {rElec rF+
                  | rC- MR+ Dex+3} (You found it on level 1 of the Swamp)
 26837 | Swamp:3  | Noticed Roxanne
 26858 | Swamp:3  | Killed from afar by Roxanne

Vault maps used:
D:1:      lemuel_arrival_rhombus
D:2:      uniq_natasha, uniq_jessica
D:3:      uniq_terence
D:4:      grunt_qazlal_clouds, minmay_temple_entry_butterflies, first_ration,
          serial_shops, kennysheep_mini
D:5:      serial_shops, nicolae_shop_behind_doors, minmay_door_square
D:7:      lemuel_round_altar, grunt_temple_overflow_open, uniq_joseph,
          uniq_prince_ribbit1, uniq_pikel
D:8:      yredelemnul_forgotten_temple_becter, dancing_weapons_uskayaw,
          basic_altar, serial_undead, serial_undead_f, serial_undead_d,
          serial_undead_f, serial_undead_f, serial_undead_b, serial_undead_c,
          serial_undead_e, serial_undead_f, serial_undead_b, serial_undead_a,
          grunt_livestock
D:9:      nicolae_overflow_hidden_temple, nemelex_dance_club_becter
D:10:     lair_entry_dummy
D:11:     david_orc_5, serial_ice, serial_ice_m, serial_ice_f, serial_ice_n,
          serial_ice_a, portal_ice_cave_rime, gammafunk_ghost_icy, uniq_fannar,
          uniq_sonja
Temple:   minmay_temple_curvy_loop
Lair:1:   grunt_megastairs_1, lemuel_fruit_fields, infiniplex_staircase_pool_2,
          uniq_nergalle
Lair:3:   minivault_11, hibernation_bobbens, grunt_megastairs_4,
          lemuel_fruit_fields
Lair:4:   nicolae_swamp_entry_splash_gauntlet, spider_nest_entry_web_field,
          grunt_megastairs_5, minmay_lair_oklob_chamber,
          infiniplex_staircase_pool, uniq_rupert
Lair:5:   minmay_slime_entry_pillars, lemuel_fruit_fields
Lair:6:   guppyfry_lair_end_dragon, hangedman_lair_caniforms_friends,
          grunt_forest_large_clearings
Swamp:1:  nicolae_swamp_dense_foliage, uniq_frances
Swamp:2:  nicolae_swamp_trees_clearing
Swamp:3:  evilmike_swamp_ruin_house_5, grunt_hermit_hut, uniq_roxanne
Orc:1:    basic_altar, serial_shops, nicolae_shop_stone,
          nicolae_shop_statue_plus
Orc:2:    grunt_orc_gardens, grunt_orc_garden, grunt_orc_garden,
          grunt_orc_garden, grunt_orc_garden, lab_entry_generic, uniq_maurice,
          uniq_nessos
Lab:      nicolae_lab_dead_adventurers, nicolae_lab_arrow
IceCv:    ice_cave_tombish

Skill      XL: |  1  2  3  4  5  6  7  8  9 10 11 12 13 14 15 |
---------------+----------------------------------------------+-----
Conjurations   | 2 3 4 5 6 7 8 |  8.8
Summonings     | 2 3 4 5 6 7 8 |  8.8
Translocations | 2 3 4 5 6 7 8 |  8.8
Fighting       | 1 2 3 4 5 6 7 8 9 10 | 10.1
Short Blades   | 1 2 3 4 5 6 7 8 9 10 | 10.1
Long Blades    | 1 2 3 4 5 6 7 8 9 10 | 10.1
Axes           | 1 2 3 4 5 6 7 8 9 10 | 10.1
Maces & Flails | 1 2 3 4 5 6 7 8 9 10 | 10.1
Polearms       | 1 2 3 4 5 6 7 8 9 10 | 10.1
Staves         | 1 2 3 4 5 6 7 8 9 10 | 10.1
Slings         | 1 2 3 4 5 6 7 8 9 10 | 10.1
Bows           | 1 2 3 4 5 6 7 8 9 10 | 10.1
Crossbows      | 1 2 3 4 5 6 7 8 9 10 | 10.1
Throwing       | 1 2 3 4 5 6 7 8 9 10 | 10.1
Armour         | 1 2 3 4 5 6 7 8 9 10 | 10.1
Shields        | 1 2 3 4 5 6 7 8 9 10 | 10.1
Unarmed Combat | 1 2 3 4 5 6 7 8 9 10 | 10.1
Invocations    | 1 2 3 4 5 6 7 8 9 10 | 10.9
Evocations     | 1 2 3 4 5 6 7 8 9 10 | 10.1
Hexes          | 1 2 3 4 5 6 7 8 |  8.5
Charms         | 1 2 3 4 5 6 7 8 |  8.5
Necromancy     | 1 2 3 4 5 6 7 8 |  8.5
Transmutations | 1 2 3 4 5 6 7 8 |  8.5
Fire Magic     | 1 2 3 4 5 6 7 8 |  8.5
Ice Magic      | 1 2 3 4 5 6 7 8 |  8.5
Air Magic      | 1 2 3 4 5 6 7 8 |  8.5
Earth Magic    | 1 2 3 4 5 6 7 8 |  8.5
Poison Magic   | 1 2 3 4 5 6 7 8 |  8.5
Dodging        | 5 6 7 8 9 10 11 | 11.0
Stealth        | 5 6 7 8 9 10 | 10.9
Spellcasting   | 8 9 10 11 12 | 12.1

Action                   |  1- 3 |  4- 6 |  7- 9 | 10-12 | 13-15 || total
-------------------------+-------+-------+-------+-------+-------++-------
Melee: Hand axe          |     5 |       |       |       |       ||     5
       Dagger            |     3 |    61 |   109 |   389 |     8 ||   570
       Bite              |       |     6 |    24 |    66 |   135 ||   231
       Flail             |       |       |    20 |   122 |    22 ||   164
       Punch             |       |       |     5 |     1 |     7 ||    13
       Rapier            |       |       |    61 |       |       ||    61
       Falchion          |       |       |       |     8 |       ||     8
       Battleaxe         |       |       |       |       |   305 ||   305
       Headbutt          |       |       |       |       |   246 ||   246
       Spear             |       |       |       |       |    54 ||    54
       Long sword        |       |       |       |       |   429 ||   429
       Unarmed           |       |       |       |       |     1 ||     1
       Demon trident     |       |       |       |       |    61 ||    61
 Fire: Hand crossbow     |       |       |    24 |    77 |   230 ||   331
       Blowgun           |       |       |       |     7 |    99 ||   106
Throw: Tomahawk          |       |       |       |       |     1 ||     1
       Javelin           |       |       |       |       |     2 ||     2
 Cast: Magic Dart        |    46 |    51 |   116 |   108 |   152 ||   473
       Mephitic Cloud    |     1 |       |     6 |    45 |    96 ||   148
       Conjure Flame     |       |     1 |     3 |    16 |    10 ||    30
       Animate Skeleton  |       |       |    13 |    60 |    81 ||   154
       Slow              |       |       |       |     6 |       ||     6
       Apportation       |       |       |       |     1 |     6 ||     7
       Swiftness         |       |       |       |     1 |     7 ||     8
       Airstrike         |       |       |       |       |     4 ||     4
       Animate Dead      |       |       |       |       |    52 ||    52
       Summon Lightning  |       |       |       |       |    44 ||    44
       Shroud of Golubri |       |       |       |       |    15 ||    15
       Summon Guardian G |       |       |       |       |     2 ||     2
Invok: Divine Energy     |       |       |     1 |       |       ||     1
Evoke: Wand              |       |       |       |     4 |    35 ||    39
  Use: Scroll            |     1 |     3 |    12 |    14 |    39 ||    69
       Potion            |       |       |       |     7 |     8 ||    15
 Stab: Sleeping          |     1 |    10 |     8 |    13 |    19 ||    51
       Distracted        |       |       |     1 |     5 |    32 ||    38
       Confused          |       |       |       |    14 |    70 ||    84
       Held in net/web   |       |       |       |       |     1 ||     1
  Eat: Chunk             |       |     8 |     6 |    16 |    27 ||    57
       Ration            |       |       |     3 |     2 |     6 ||    11
Armor: Robe              |     2 |     4 |    14 |       |     1 ||    21
       Troll leather arm |       |       |    11 |   113 |   138 ||   262
       Skin              |       |       |       |    20 |    10 ||    30
       Leather armour    |       |       |       |       |    20 ||    20
Dodge: Dodged            |     5 |    31 |   121 |   352 |   948 ||  1457
Block: Buckler           |       |       |       |   145 |   134 ||   279
       Rpst.: Falchion   |       |       |       |     1 |       ||     1
       Long sword        |       |       |       |       |    80 ||    80

Table legend:
 A = Non-vault XP
 B = Vault XP
 C = Vault XP percentage of total XP
 D = Non-vault monster count
 E = Vault monster count
 F = Vault count percentage of total count
                 A         B        C        D         E       F
            +---------+---------+-------+---------+---------+-------
      Total |   66821 |   51184 |  43.4 |     487 |     253 |  34.2
            +---------+---------+-------+---------+---------+-------
        D:1 |      39 |       0 |   0.0 |      21 |       0 |   0.0
        D:2 |     145 |      73 |  33.5 |      25 |       2 |   7.4
        D:3 |      23 |      36 |  61.0 |       7 |       1 |  12.5
        D:4 |     219 |       0 |   0.0 |       7 |       0 |   0.0
        D:5 |     102 |       0 |   0.0 |       3 |       0 |   0.0
        D:6 |    1128 |       0 |   0.0 |      21 |       0 |   0.0
        D:7 |     782 |    1301 |  62.5 |      19 |       3 |  13.6
        D:8 |    1026 |    1699 |  62.3 |      25 |      20 |  44.4
        D:9 |    1408 |     132 |   8.6 |      30 |       2 |   6.2
       D:10 |    2885 |       0 |   0.0 |      24 |       0 |   0.0
       D:11 |    2332 |    4703 |  66.9 |      31 |      42 |  57.5
     Lair:1 |    4161 |    1671 |  28.7 |      16 |       5 |  23.8
     Lair:2 |    5542 |       0 |   0.0 |      24 |       0 |   0.0
     Lair:3 |    2437 |    2373 |  49.3 |      15 |      10 |  40.0
     Lair:4 |    1374 |    7009 |  83.6 |       7 |      15 |  68.2
     Lair:5 |    8766 |    2259 |  20.5 |      45 |      19 |  29.7
     Lair:6 |    7085 |   12447 |  63.7 |      17 |      83 |  83.0
    Swamp:1 |    8674 |    2028 |  18.9 |      23 |       1 |   4.2
    Swamp:2 |   10339 |       0 |   0.0 |      37 |       0 |   0.0
    Swamp:3 |     270 |       0 |   0.0 |       2 |       0 |   0.0
      Orc:1 |    4174 |    4419 |  51.4 |      45 |      13 |  22.4
      Orc:2 |    3910 |    6408 |  62.1 |      43 |      16 |  27.1
        Lab |       0 |    1200 | 100.0 |       0 |       1 | 100.0
      IceCv |       0 |    3426 | 100.0 |       0 |      20 | 100.0
            +---------+---------+-------+---------+---------+-------
